 Dungeon Crawl Stone Soup version 0.30-a0-168-g0b976cbdc4 (webtiles) character file.

Game seed: 8383067815783278302

48 KennySheep the Slasher (level 3, 0/22 HPs)
             Began as a Tengu Gladiator on Sept 30, 2022.
             Was a Follower of Trog.
             Slain by an orc
             ... wielding a +3 hand axe of electrocution
              (16 damage)
             ... on level 3 of the Dungeon.
             The game lasted 00:02:14 (1553 turns).

KennySheep the Slasher (Tengu Gladiator)            Turns: 1553, Time: 00:02:15

Health: 0/22       AC:  3    Str: 14    XL:     3   Next: 72%
Magic:  4/4        EV: 13    Int:  8    God:    Trog [*.....]
Gold:   171        SH:  0    Dex: 17    Spells: 2/2 levels left

rFire   . . .      SeeInvis .    a - +0 long sword
rCold   . . .      Faith    .    (no shield)
rNeg    . . .      Spirit   .    b - +0 leather armour
rPois   .          Reflect  .    c - +0 hat
rElec   .          Harm     .    (no cloak)
rCorr   .          Rampage  .    (no gloves)
Will    .....                    (boots unavailable)
Stlth   +.........               (no amulet)
HPRegen 0.07/turn                (no ring)
MPRegen 0.09/turn                (no ring)

@: no status effects
A: beak, talons 3
a: Renounce Religion, Berserk


You were on level 3 of the Dungeon.
You worshipped Trog.
Trog was aware of your devotion.
You visited 1 branch of the dungeon, and saw 3 of its levels.

You collected 171 gold pieces.

Inventory:

Hand Weapons
 a - a +0 long sword (weapon)
Missiles
 d - 3 throwing nets (quivered)
 e - a javelin
Armour
 b - a +0 leather armour (worn)
 c - a +0 hat (worn)
Wands
 k - a wand of flame (20)
Scrolls
 i - 2 scrolls of identify {unknown}
 n - a scroll of poison {unknown}
 o - a scroll of teleportation {unknown}
 p - a scroll of enchant armour {unknown}
Potions
 f - a potion of degeneration {unknown}
 g - a potion of flight {unknown}
 h - 2 potions of might
 j - a potion of haste {unknown}
 l - 2 potions of brilliance {unknown}
 m - a potion of curing {unknown}


   Skills:
 + Level 2.5 Fighting
 * Level 4.2 Long Blades
 - Level 2.0 Throwing
 + Level 3.7 Dodging
 + Level 0.3 Stealth


You had 2 spell levels left.
You didn't know any spells.
Your spell library contained the following spells:

 Spells                   Type           Power      Damage    Failure   Level
 Ensorcelled Hibernation  Hex/Ice        0%         N/A       63%         2
 Passwall                 Tmut/Erth      0%         N/A       63%         2
 Swiftness                Air            0%         N/A       86%         3


Dungeon Overview and Level Annotations

Branches:
Dungeon (3/15)

Altars:
Nemelex Xobeh
Trog


Innate Abilities, Weirdness & Mutations

You have a beak for a mouth.
You have claws for feet.


Message History

You claw the endoplasm, but do no damage.
The endoplasm is severely wounded.
The endoplasm closely misses you.
You barely miss the endoplasm. You claw the endoplasm.
You kill the endoplasm!
Trog accepts your kill.
You open the door.
There is an open door here.
You now have 171 gold pieces (gained 12).
p - a scroll labelled QUERIZ MYRAGHO You open the door.
Found a stone staircase leading down.
There is an open door here.
There is a stone staircase leading down here.
An orc wizard comes into view. It is wielding a +0 dagger.
An orc wizard is nearby!
An orc wizard is nearby!
No target in view!
No target in view!
No target in view!
An orc comes into view. It is wielding a +0 hand axe.
An orc is nearby!
An orc is nearby!
An orc comes into view.
It is wielding a +3 hand axe of electrocution.
The orc shouts!
You hear a shout!
An orc comes into view. It is wielding a +0 club.
You closely miss the orc. Your peck misses the orc.
The orc wizard casts a spell.
The orc wizard flickers and vanishes!
Deactivating autopickup; reactivate with Ctrl-A.
The orc barely misses you.
You hit the orc. You peck the orc.
The orc is heavily wounded.
The orc hits you with a +3 hand axe of electrocution.
The orc misses you. x2
You barely miss the orc.
The orc is heavily wounded.
The orc hits you but does no damage.
You are electrocuted!
Ouch! That really hurt!
You die...

### ######.# ##.#####...##.#
#..........##.#
##.#####...##.####### #.#
##.#.........# ##.##
#.#.....###.##### ##...##
#.#.............# #.....#
#.......###.###.#### ##...##
###.#@#####........# ####.#####
#.o.......###.##.# #........#
###o#####.# #.##.# #.##.###.#
##.o.## #.# #....# # #.###.#
##.....###.# ###..#
#..##.###.......##.###.#..###
##...#.##....รท....#..........#
#.#.......+....)....'...........
#........##.........##......##.#


You could see 3 orcs.

Vanquished Creatures
  3 endoplasms
  3 giant cockroaches
  4 goblins
  6 hobgoblins
  3 jackals (D:1)
  A quokka (D:1)
  3 ball pythons (D:1)
  6 bats
  3 frilled lizards
  4 kobolds (D:1)
  8 rats
44 creatures vanquished.

Notes
Turn   | Place    | Note
-------+----------+-------------------------------------------
     0 | D:1      | KennySheep the Tengu Gladiator began the quest for the Orb.
     0 | D:1      | Reached XP level 1. HP: 12/12 MP: 2/2
    89 | D:1      | Reached XP level 2. HP: 13/17 MP: 3/3
   424 | D:1      | Reached skill level 4 in Long Blades
   424 | D:1      | Reached XP level 3. HP: 22/22 MP: 4/4
   508 | D:1      | Found a faded altar of an unknown god.
   516 | D:1      | Prayed at the altar of an unknown god.
   516 | D:1      | Became a worshipper of Trog the Wrathful
   516 | D:1      | Reached * piety under Trog
   897 | D:2      | Found a sparkling altar of Nemelex Xobeh.
  1278 | D:3      | Identified the +3 war axe "Fula Wocho" {elec, Str+4 Int+3}
  1553 | D:3      | Slain by an orc

Illustrated notes

Levels and vault maps discovered:
D:1:      lemuel_arrival_hallway, layout_basic, chequers_ecumenical_altar_lobes,
          hangedman_feature_mirror, st_stairs_8, grunt_decor_fettered
D:2:      layout_rooms, basic_altar
D:3:      layout_loops_corners, grunt_decor_clamped, minmay_ruptured

Skill      XL: |  1  2 |
---------------+-------+-----
Long Blades    | 4 |  4.2
Fighting       | |  2.5
Throwing       | |  2.0
Dodging        | |  3.7
Stealth        | |  0.3

Action                   || total
-------------------------++-------
Melee: Long sword        ||    88
       Kick              ||    22
       Peck              ||    14
       Punch             ||     2
 Stab: Sleeping          ||     3
Armor: Leather armour    ||    24
Dodge: Dodged            ||    68

Table legend: (Time is in decaauts)
 A = Elapsed time spent in this place.
 B = Non-inter-level travel time spent in this place.
 C = Inter-level travel time spent in this place.
 D = Time resting spent in this place.
 E = Time spent auto-exploring this place.
 F = Levels seen in this place.
 G = Mean time per level.
                   A        B        C        D        E       F      G
               +--------+--------+--------+--------+--------+-----+--------+
         Total |   1570 |   1562 |      8 |      0 |   1297 |   3 |  523.3 |
       Dungeon |   1570 |   1562 |      8 |      0 |   1297 |   3 |  523.3 |
               +--------+--------+--------+--------+--------+-----+--------+

Top non-repeatable levels by time:
     D:1: 687 daAuts
     D:2: 538 daAuts
     D:3: 344 daAuts
